 Dungeon Crawl Stone Soup version 0.31.0-11-ge490571c62 (webtiles) character file.

Game seed: 6362845672303618467

10669 garrulousMonolith the Geomancer (level 11, -3/67 HPs)
             Began as a Gargoyle Earth Elementalist on Jan 31, 2024.
             Was a High Priest of Vehumet.
             Slain by an orc warrior
             ... wielding a +2 mace of holy wrath
              (9 damage)
             ... on level 10 of the Dungeon.
             The game lasted 00:24:49 (11969 turns).

garrulousMonolith the Geomancer (GrEE)             Turns: 11969, Time: 00:24:49

Health: -3/67      AC: 21    Str: 11    XL:     11   Next: 65%
Magic:  9/20       EV: 10    Int: 21    God:    Vehumet [*****.]
Gold:   711        SH:  5    Dex: 10    Spells: 3/22 levels left

rFire   + . .        b - +1 whip (venom)
rCold   + + .        B - +0 buckler
rNeg    + . .        n - +1 ring mail {Will+}
rPois   ∞            k - +0 helmet
rElec   +            c - +0 cloak
rCorr   +            I - +2 pair of gloves {Stlth+}
SInv    .            (no boots)
Will    +....        (no amulet)
Stlth   ++           l - ring of protection from cold
HPRegen 0.31/turn    (no ring)
MPRegen 0.17/turn

%: no passive effects
@: resistant, invisible
A: sickness immunity, AC +8, negative energy resistance 1, electricity
resistance, torment resistance 1, petrification resistance
a: Renounce Religion


You were on level 10 of the Dungeon.
You worshipped Vehumet.
Vehumet was extremely pleased with you.
You visited 3 branches of the dungeon, and saw 12 of its levels.

You collected 711 gold pieces.

Inventory:

Hand Weapons
 b - a +1 whip of venom (weapon)
 d - a +4 whip of draining
 f - the +4 flail of Sulphur {pain, rF+}
   (You found it on level 9 of the Dungeon)

   rF+:       It protects you from fire.
 w - a +2 dagger of venom
Missiles
 g - 14 curare-tipped darts
 p - a throwing net
Armour
 c - a +0 cloak (worn)
 k - a +0 helmet (worn)
 n - a +1 ring mail of willpower (worn)
 u - a +0 troll leather armour
 B - a +0 buckler (worn)
 I - a +2 pair of gloves of stealth (worn)
Jewellery
 h - an amulet of reflection
 l - a ring of protection from cold (left hand)
 q - an amulet of the acrobat
 s - an amulet of faith
 C - an amulet of regeneration
Wands
 G - a wand of mindburst (13)
Scrolls
 e - a scroll of teleportation
 o - 2 scrolls of immolation
 y - 2 scrolls of torment {unknown}
 z - a scroll of butterflies
 E - a scroll of silence {unknown}
Potions
 a - a potion of cancellation
 i - a potion of lignification {unknown}
 j - a potion of enlightenment
 r - a potion of attraction {unknown}
 t - a potion of haste {unknown}
 v - a potion of experience {unknown}
 x - a potion of resistance
 A - a potion of ambrosia
 D - a potion of brilliance
 F - 2 potions of mutation {unknown}
 H - 3 potions of berserk rage {unknown}


   Skills:
 + Level 7.3 Fighting
 + Level 7.3 Armour
 - Level 2.0 Dodging
 - Level 2.1 Stealth
 - Level 5.0 Shields
 + Level 6.2 Spellcasting
 - Level 10.0 Conjurations
 * Level 11.8 Earth Magic


You had 3 spell levels left.
You knew the following spells:

 Your Spells              Type           Power      Damage    Failure   Level
a - Sandblast             Erth           100%       2d20      1%          1
b - Stone Arrow           Conj/Erth      100%       3d13      1%          3
c - Passwall              Erth           54%        N/A       1%          3
d - Brom's Barrelling Bo  Conj/Erth      51%        2d7       1%          4
e - Searing Ray           Conj           96%        2d7       1%          2
f - Apportation           Tloc           12%        N/A       28%         1
g - Lee's Rapid Deconstr  Erth           27%        3d14*     1%          5

Your spell library contained the following spells:

 Spells                   Type           Power      Damage    Failure   Level
 Sting                    Conj/Alch      100%       1d9       1%          1
 Hailstorm                Conj/Ice       27%        3d8       3%          3
 Freeze                   Ice            24%        1d4       8%          1
 Mercury Vapours          Alch/Air       12%        N/A       11%         2
 Frozen Ramparts          Ice            12%        1d2       21%         3
 Jinxbite                 Hex            12%        N/A       38%         2
 Summon Ice Beast         Ice/Summ       6%         N/A       63%         3
 Petrify                  Alch/Erth      31%        N/A       24%         4
 Arcjolt                  Conj/Air       13%        1d23      24%         5
 Freezing Cloud           Conj/Ice/Air   10%        6-21      43%         5
 Olgreb's Toxic Radiance  Alch           6%         N/A       54%         4
 Vhi's Electric Charge    Tloc/Air       12%        N/A       95%         4
 Alistair's Intoxication  Alch           4%         N/A       100%        5
 Summon Mana Viper        Hex/Summ       6%         N/A       100%        5
 Monstrous Menagerie      Summ           3%         N/A       100%        7
 Maxwell's Capacitive Co  Air            3%         ∞         100%        8


Dungeon Overview and Level Annotations

Branches:
Dungeon (10/15)            Temple (1/1) D:4            Lair (0/5) D:10
    Orc (1/2) D:9

Altars:
Ashenzari
Cheibriados
Dithmenos
Elyvilon
Fedhas
Gozag
Hepliaklqana
Kikubaaqudgha
Makhleb
Nemelex Xobeh
Okawaru
Qazlal
Ru
Sif Muna
Trog
Uskayaw
Vehumet
Wu Jian
Xom
Yredelemnul
Zin
The Shining One

Annotations:
D:8 3 runed translucent doors, knightboat's ghost, novice GnSh
D:9 3 runed translucent doors, michknight7's ghost, journeyman MiBe
D:10 3 runed translucent doors


Innate Abilities, Weirdness & Mutations

You are immune to sickness and miasma.
Your stone body is resilient. (AC +8)
You are immune to poison.
You resist negative energy. (rN+)
You are resistant to electric shocks. (rElec)
You are resistant to unholy torment.
You are immune to petrification.


Message History

The stone arrow hits the gargoyle.
The gargoyle is lightly damaged.
You hear a shout!
A gnoll bouda comes into view. It is wielding a +0 club.
The gargoyle hurls a stone arrow at you.
The stone arrow misses you.
The stone arrow hits the gnoll bouda!
As you read the scroll of teleportation, it crumbles to dust.
You feel strangely unstable. You block the gnoll bouda's attack.
The gargoyle hurls a stone arrow at you.
The stone arrow hits you but does no damage.
You fade into invisibility!
You block the gnoll bouda's attack. The gargoyle barely misses you.
You hit the gnoll bouda.
The gnoll bouda is poisoned.
The gnoll bouda is almost dead.
The gnoll bouda barely misses you. The gargoyle barely misses you.
You barely miss the gnoll bouda.
The gnoll bouda is almost dead.
The gargoyle barely misses you.
A wraith comes into view.
You hit the wraith.
The wraith is lightly damaged.
Your surroundings suddenly seem different.
A tengu warrior and an orc warrior come into view.
The orc warrior is wielding a +2 mace of holy wrath.
Found 11 gold pieces and a buckler.
Vehumet accepts your kill.
You feel a bit more experienced.
The wraith moves out of view.
The helpless tengu warrior fails to defend itself.
You hit the tengu warrior.
The tengu warrior is poisoned.
The tengu warrior is lightly wounded.
The tengu warrior hits you with a +0 battleaxe!
* * * LOW HITPOINT WARNING * * *
The tengu warrior barely misses you.
The tengu warrior claws you but does no damage.
The orc warrior shouts!
It was a potion of resistance.
You feel protected.
A troll comes into view.
The orc warrior hits you with a +2 mace of holy wrath!
You die...

.........%..# .....[......#
#. ............# #T#
............# #.#
#)###.#.....## #.#
#.###.#.....#.# #.#
....).#.....##.# #[#
...##.......# #Q#o#
.#####......# #@# .
##.....####################
.
####.................##<†#
+ #..........>......###†##
. ###......<.#####........
#..>..#########.......
##.......[............
#...############..... #...#
#....(


You could see a tengu warrior (unable to see you, very poisoned), a troll
(wandering, unable to see you) and an orc warrior (unable to see you).

Vanquished Creatures
  A two-headed ogre (D:9)
  Pikel (D:4)
  Joseph (D:8)
  A gargoyle (D:10)
  Jeremiah (D:8)
  A hornet (D:10)
  Prince Ribbit (D:5)
  Sigmund (D:3)
  A shadow (D:10)
  17 yaks
  A wraith (D:10)
  3 steam dragons
  Grum (D:8)
  Eustachio (D:5)
  A water moccasin (D:6)
  An acid dragon (D:9)
  2 ice beasts
  7 orc warriors
  An ogre (D:8)
  3 centaurs
  3 wolves (D:8)
  A lemure (D:4)
  A phantom (D:5)
  2 bullfrogs
  8 kobold brigands
  3 gnoll sergeants
  17 killer bees
  2 electric eels (D:9)
  6 orc priests
  7 bombardier beetles
  3 jellies
  2 gnoll boudas
  3 hounds
  Jessica (D:2)
  2 iguanas
  13 orc wizards
  Terence (D:3)
  Robin (D:2)
  14 gnolls
  7 adders
  A shadow imp (D:5)
  6 white imps
  2 ufetubi (D:5)
  2 dart slugs (D:1)
  3 ribbon worms
  43 orcs
  9 endoplasms
  5 giant cockroaches
  15 goblins
  6 hobgoblins
  4 quokkas
  11 ball pythons
  5 bats
  3 frilled lizards
  42 kobolds
  7 rats
308 creatures vanquished.

Vanquished Creatures (collateral kills)
  A boulder (D:8)
1 creature vanquished.

Grand Total: 309 creatures vanquished

Notes
Turn   | Place    | Note
-------+----------+-------------------------------------------
     0 | D:1      | garrulousMonolith the Gargoyle Earth Elementalist began the
                  | quest for the Orb.
     0 | D:1      | Reached XP level 1. HP: 10/10 MP: 3/3
   173 | D:1      | Reached XP level 2. HP: 15/15 MP: 3/5
   385 | D:1      | Reached skill level 4 in Earth Magic
   572 | D:1      | Reached XP level 3. HP: 20/20 MP: 4/6
   576 | D:1      | Learned a level 3 spell: Passwall
   977 | D:2      | Reached skill level 1 in Armour
  1093 | D:2      | Reached skill level 1 in Fighting
  1162 | D:2      | Reached XP level 4. HP: 25/25 MP: 5/7
  1262 | D:2      | Noticed Robin
  1303 | D:2      | Killed Robin
  1465 | D:2      | Noticed Jessica
  1471 | D:2      | Killed Jessica
  1472 | D:2      | Reached XP level 5. HP: 29/29 MP: 4/8
  1634 | D:3      | Noticed Sigmund
  1641 | D:2      | Learned a level 3 spell: Stone Arrow
  1832 | D:3      | Killed Sigmund
  1833 | D:3      | Reached skill level 5 in Earth Magic
  1833 | D:3      | Reached XP level 6. HP: 21/35 MP: 3/10
  2095 | D:3      | Noticed Terence
  2109 | D:3      | Killed Terence
  2562 | D:4      | Reached XP level 7. HP: 40/40 MP: 8/11
  2687 | D:4      | Found a staircase to the Ecumenical Temple.
  2718 | Temple   | Entered the Ecumenical Temple
  2798 | Temple   | Became a worshipper of Vehumet
  3059 | D:4      | Noticed Pikel
  3068 | D:4      | Reached skill level 6 in Earth Magic
  3241 | D:4      | HP: 2/40 [Pikel/+2 whip of flaming (2)]
  3242 | D:4      | Killed Pikel
  3243 | D:4      | Reached skill level 5 in Conjurations
  3243 | D:4      | Reached XP level 8. HP: 2/46 MP: 4/13
  3724 | D:5      | Entered Level 5 of the Dungeon
  3743 | D:5      | Reached skill level 7 in Earth Magic
  4359 | D:5      | Reached * piety under Vehumet
  4359 | D:5      | Offered knowledge of Magic Dart by Vehumet.
  4523 | D:5      | Noticed Prince Ribbit
  4543 | D:5      | Killed Prince Ribbit
  4549 | D:5      | Reached skill level 8 in Earth Magic
  4549 | D:5      | Reached XP level 9. HP: 41/52 MP: 1/15
  4650 | D:5      | Learned a level 4 spell: Brom's Barrelling Boulder
  4821 | D:5      | Noticed Eustachio
  4828 | D:5      | Killed Eustachio
  5903 | D:6      | Reached ** piety under Vehumet
  6277 | D:7      | Offered knowledge of Kiss of Death by Vehumet.
  6397 | D:7      | Reached skill level 5 in Armour
  6413 | D:7      | Reached skill level 5 in Fighting
  6413 | D:7      | Reached skill level 1 in Shields
  6720 | D:7      | Reached skill level 9 in Earth Magic
  7431 | D:7      | Found a shadowy altar of Dithmenos.
  7431 | D:7      | Found a glowing golden altar of the Shining One.
  7474 | D:8      | Noticed Joseph
  7488 | D:8      | Killed Joseph
  7624 | D:8      | Offered knowledge of Searing Ray by Vehumet.
  7629 | D:8      | Learned a level 2 spell: Searing Ray
  7631 | D:8      | Learned a level 1 spell: Apportation
  7678 | D:8      | Noticed Grum
  7682 | D:8      | Reached XP level 10. HP: 59/59 MP: 9/17
  7705 | D:8      | Killed Grum
  7706 | D:8      | Reached skill level 5 in Spellcasting
  8572 | D:8      | Found a runed translucent gate.
  8573 | D:8      | Found a runed translucent gate.
  8574 | D:8      | Found a runed translucent gate.
  8575 | D:8      | Found an opulent altar of Gozag.
  8576 | D:8      | Noticed a cyclops
  8576 | D:8      | Noticed knightboat's ghost (novice GnSh)
  8601 | D:8      | Noticed Jeremiah
  8619 | D:8      | Killed Jeremiah
  8758 | D:8      | Reached *** piety under Vehumet
  9028 | D:8      | Offered knowledge of Ignite Poison by Vehumet.
  9054 | D:8      | Reached skill level 10 in Earth Magic
 10078 | D:9      | Reached **** piety under Vehumet
 10084 | D:9      | Offered knowledge of Freezing Cloud by Vehumet.
 10102 | D:9      | Learned a level 5 spell: Freezing Cloud
 10194 | D:9      | Reached XP level 11. HP: 66/66 MP: 16/19
 10441 | D:9      | Identified the +4 flail of Sulphur {pain, rF+}
 10465 | D:9      | Found a staircase to the Orcish Mines.
 10469 | D:9      | Reached skill level 11 in Earth Magic
 10546 | D:9      | Found a runed translucent gate.
 10546 | D:9      | Found a runed translucent gate.
 10546 | D:9      | Found a runed translucent gate.
 10548 | D:9      | Noticed michknight7's ghost (journeyman MiBe)
 10640 | D:9      | Noticed a two-headed ogre
 10647 | D:9      | Killed a two-headed ogre
 11242 | D:10     | Entered Level 10 of the Dungeon
 11242 | D:10     | Found a staircase to the Lair.
 11267 | Orc:1    | Entered Level 1 of the Orcish Mines
 11370 | D:10     | Identified the maw talisman "Iphor" {*Slow MP+9 Dex+3
                  | Stlth+}
 11392 | D:10     | Found a runed translucent gate.
 11392 | D:10     | Found a runed translucent gate.
 11393 | D:10     | Found a runed translucent gate.
 11569 | D:10     | Reached ***** piety under Vehumet
 11578 | D:10     | Reached skill level 10 in Conjurations
 11579 | D:10     | Offered knowledge of Lee's Rapid Deconstruction by Vehumet.
 11588 | D:10     | Learned a level 5 spell: Lee's Rapid Deconstruction
 11920 | D:10     | Noticed a two-headed ogre
 11947 | D:10     | Reached skill level 5 in Shields
 11967 | D:10     | Noticed a tengu warrior
 11969 | D:10     | Slain by an orc warrior

Illustrated notes

Levels and vault maps discovered:
D:1:      sevenhm_arrival_forest_fort_large_2, layout_rooms,
          minmay_split_cup_large
D:2:      layout_rooms, uniq_robin, uniq_jessica
D:3:      layout_rooms, uniq_sigmund, uniq_terence
D:4:      layout_basic, minmay_temple_entry_drinking_statues, uniq_pikel
D:5:      layout_basic, chequers_serial_rivers_marsh, serial_bayou_lagoon_a,
          uniq_prince_ribbit1, uniq_eustachio
D:6:      layout_loops_ring
D:7:      layout_layer_cave, gammafunk_temple_overflow_pools
D:8:      layout_basic, ebering_ghost_gozag, special_room [special_room_orc],
          uniq_grum, uniq_jeremiah, uniq_joseph
D:9:      layout_basic, orc_0_dummy, ebering_ghost_rock_garden,
          minmay_unpleasant_kobolds
D:10:     minmay_imperfect_grid, layout_rooms, gammafunk_ghost_cemetery
Temple:   nicolae_temple_bog_church
Orc:1:    layout_caves, basic_altar, uniq_urug

Skill      XL: |  1  2  3  4  5  6  7  8  9 10 11 |
---------------+----------------------------------+-----
Earth Magic    | 4 5 6 8 9 10 11 | 11.8
Conjurations   | 2 3 4 5 6 7 9 10 | 10.0
Armour         | 1 2 3 4 5 6 7 |  7.3
Fighting       | 1 2 3 4 5 6 7 |  7.3
Dodging        | 2 |  2.0
Spellcasting   | 3 4 5 6 |  6.2
Shields        | 2 3 5 |  5.0
Stealth        | |  2.1

Action                     |  1- 3 |  4- 6 |  7- 9 | 10-12 || total
---------------------------+-------+-------+-------+-------++-------
  Melee: Unarmed           |     6 |       |       |       ||     6
         Dagger            |     3 |    22 |     7 |       ||    32
         Whip              |       |       |    23 |    44 ||    67
         Flail             |       |       |       |    13 ||    13
   Cast: Sandblast         |    54 |    68 |   103 |   140 ||   365
         Stone Arrow       |       |       |    74 |   101 ||   175
         Searing Ray       |       |       |       |     1 ||     1
         Brom's Barrelling |       |       |       |     1 ||     1
  Evoke: Wand              |       |       |       |     1 ||     1
    Use: Scroll            |       |     5 |     6 |     9 ||    20
         Potion            |       |       |     4 |     3 ||     7
   Stab: Sleeping          |       |       |       |     1 ||     1
 Armour: Robe              |    21 |       |    38 |       ||    59
         Leather armour    |       |    48 |    23 |       ||    71
         Ring mail         |       |       |    29 |   187 ||   216
  Dodge: Dodged            |    15 |    42 |    47 |   129 ||   233
  Block: Buckler           |       |       |     4 |    44 ||    48
